 Dungeon Crawl Stone Soup version 0.30-b1-2-g02819fbbbe (webtiles) character file.

Game seed: 4521024259074409073

14868 funkygono the Cleaver (level 11, 0/101 HPs)
             Began as a Minotaur Fighter on May 10, 2023.
             Was a High Priest of Okawaru.
             Slain by a 16-headed hydra (8 damage)
             ... on level 2 of the Lair of Beasts.
             The game lasted 00:17:47 (10208 turns).

funkygono the Cleaver (Minotaur Fighter)           Turns: 10208, Time: 00:17:47

Health: 0/101      AC: 22    Str: 25    XL:     11   Next: 94%
Magic:  10/12      EV: 10    Int:  5    God:    Okawaru [*****.]
Gold:   1589       SH:  7    Dex: 10    Spells: 10/10 levels left

rFire   . . .        a - +5 war axe (vamp)
rCold   . . .        c - +0 buckler
rNeg    . . .        P - +0 plate armour
rPois   .            G - +1 hat
rElec   .            D - scarf {repulsion}
rCorr   .            (no gloves)
SInv    .            (no boots)
Will    +....        w - amulet of regeneration Stlth
                     g - +4 ring of protection
HPRegen 1.16/turn    M - ring of willpower
MPRegen 0.13/turn

%: repel missiles
@: heroic
A: horns 2, retaliatory headbutt
a: Renounce Religion, Heroism, Finesse, Duel


You were on level 2 of the Lair of Beasts.
You worshipped Okawaru.
Okawaru was extremely pleased with you.
You visited 2 branches of the dungeon, and saw 13 of its levels.
You also visited: Sewer.

You collected 1589 gold pieces.

Inventory:

Hand Weapons
 a - a +5 vampiric war axe (weapon)
Missiles
 e - 5 javelins
 f - 2 throwing nets
 i - 14 boomerangs (quivered)
 L - 3 silver javelins
Armour
 c - a +0 buckler (worn)
 D - a scarf of repulsion (worn)
 G - a +1 hat (worn)
 I - a +0 cloak
 P - a +0 plate armour (worn)
Jewellery
 g - a +4 ring of protection (left hand)
 t - a +6 ring of dexterity
 w - an amulet of regeneration (around neck)
 x - a ring of fire
 y - a ring of flight
 M - a ring of willpower (right hand)
 N - an amulet of reflection
Wands
 r - a wand of iceblast (3)
 s - a wand of polymorph (4)
 E - a wand of mindburst (19)
 K - a wand of paralysis (3)
Scrolls
 k - 3 scrolls of fear
 l - a scroll of identify
 m - 2 scrolls of magic mapping
 p - a scroll of enchant armour
 q - a scroll of amnesia
 v - 7 scrolls of teleportation
Potions
 b - 4 potions of curing
 d - 3 potions of might
 h - a potion of magic {unknown}
 j - a potion of resistance {unknown}
 n - 3 potions of mutation
 o - 2 potions of ambrosia
 B - 2 potions of cancellation
 C - a potion of heal wounds
 H - a potion of haste
 J - a potion of berserk rage {unknown}


   Skills:
 + Level 10.4(15.4) Fighting
 + Level 14.9(19.9) Axes
 + Level 11.9(16.9) Armour
 + Level 4.4(9.4) Dodging
 + Level 1.5(6.5) Stealth
 + Level 7.9(12.9) Shields
 + Level 3.1 Invocations


You had 10 spell levels left.
You didn't know any spells.
Your spell library contained the following spells:

 Spells                   Type           Power      Damage    Failure   Level
 Necrotise                Necr           0%         1d4       98%         1
 Slow                     Hex            0%         N/A       98%         1
 Ensorcelled Hibernation  Hex/Ice        0%         N/A       99%         2
 Passwall                 Tmut/Erth      0%         N/A       99%         2
 Confusing Touch          Hex            0%         N/A       100%        3
 Ignite Poison            Fire/Tmut/Pois 0%         N/A       100%        3
 Portal Projectile        Hex/Tloc       0%         N/A       100%        3
 Swiftness                Air            0%         N/A       100%        3
 Vampiric Draining        Necr           0%         2d6       100%        3
 Anguish                  Hex/Necr       0%         N/A       100%        4
 Cause Fear               Hex            0%         N/A       100%        4
 Leda's Liquefaction      Hex/Erth       0%         N/A       100%        4
 Sticky Flame             Conj/Fire      0%         2d3       100%        4
 Agony                    Necr           0%         N/A       100%        5
 Enfeeble                 Hex            0%         N/A       100%        7
 Orb of Destruction       Conj           0%         9d5       100%        7
 Ignition                 Fire           0%         3d3       100%        8
 Call Canine Familiar     Summ           Unusable   N/A       N/A         3
 Summon Guardian Golem    Hex/Summ       Unusable   N/A       N/A         3
 Spellforged Servitor     Conj/Summ      Unusable   N/A       N/A         7

Dungeon Overview and Level Annotations

Branches:
Dungeon (9/15)             Temple (0/1) D:7            Lair (4/5) D:8
    Orc (0/2) D:9           Sewer (visited)
  Swamp: Lair:2-3    Shoals: Lair:2-3     Snake: Lair:2-3    Spider: Lair:2-3
  Slime: Lair:4-5

Altars:
Ashenzari
Dithmenos
Elyvilon
Hepliaklqana
Kikubaaqudgha
Nemelex Xobeh
Okawaru
Sif Muna
Uskayaw
Zin
The Shining One

Shops:
D:6 (


Innate Abilities, Weirdness & Mutations

You have a pair of horns on your head.
You reflexively headbutt those who attack you in melee.


Message History

The 15-headed hydra bites you but does no damage. x2
The 15-headed hydra completely misses you.
You block the 15-headed hydra's attack. x3
The 15-headed hydra bites you but does no damage. x6
You block the 15-headed hydra's attack. The 15-headed hydra bites you. x2
* * * LOW HITPOINT WARNING * * *
Unknown command.
You hack one of the 15-headed hydra's heads off!
The 14-headed hydra grows two more!
You slash the 16-headed hydra!
You feel better.
Your headbutt misses the 16-headed hydra.
The 16-headed hydra is moderately wounded.
You slice the fungus!!
A nearby fungus withers and dies.
The 16-headed hydra bites you but does no damage.
The 16-headed hydra bites you. The 16-headed hydra closely misses you.
The 16-headed hydra bites you but does no damage.
The 16-headed hydra bites you!
* * * LOW HITPOINT WARNING * * *
The 16-headed hydra bites you!
* * * LOW HITPOINT WARNING * * *
The 16-headed hydra bites you but does no damage. x2
You block the 16-headed hydra's attack.
The 16-headed hydra bites you but does no damage.
The 16-headed hydra bites you.
* * * LOW HITPOINT WARNING * * *
The 16-headed hydra closely misses you. The 16-headed hydra bites you.
* * * LOW HITPOINT WARNING * * *
The 16-headed hydra bites you but does no damage. x2
The 16-headed hydra closely misses you.
You barely miss the 16-headed hydra. You headbutt the 16-headed hydra!
The 16-headed hydra is heavily wounded.
You slash the black bear! The black bear barely misses you.
The black bear claws you but does no damage. x2
The 16-headed hydra bites you.
* * * LOW HITPOINT WARNING * * *
The 16-headed hydra bites you but does no damage. x2
You block the 16-headed hydra's attack.
The 16-headed hydra bites you but does no damage. x3
The 16-headed hydra bites you!
You die...

♣♣♣... ~≈♣♣♣. ♣...⌠ ...⌠
♣♣♣. ♣♣♣♣♣♣...
♣♣♣♣♣♣♣........
########♣#.........##...
#.....D@..........##.#..
#...##h#.....##.#######P
##.########..##### ##
### ###..# ##.# #P##.#
#...## ### #..... ##.##
######.PPP. ##..#
~~≈≈≈## #.#P...#...
#...# ~~~≈≈≈.
###......... #..##
≈~~≈≈.. #.....##....


You could see a 16-headed hydra and a black bear.

Vanquished Creatures
  A catoblepas (Lair:1)
  Pikel (D:7)
  3 cane toads
  2 torpor snails (Lair:2)
  Maggie (D:9)
  An unseen horror (D:6)
  2 rime drakes
  4 komodo dragons
  A queen bee (Lair:1)
  Grinder (D:5)
  13 blink frogs
  9 yaks
  Sigmund (D:3)
  A wyvern (D:9)
  A steam dragon (D:7)
  A naga (Lair:3)
  3 water moccasins
  7 orc warriors
  A black bear (D:5)
  4 ice beasts
  2 centaurs
  2 ogres (D:6)
  A kobold brigand (D:9)
  8 bullfrogs
  3 scorpions
  2 gnoll sergeants (D:7)
  10 wights
  25 killer bees
  3 howler monkeys (D:8)
  A jelly (D:5)
  6 hounds
  11 orc priests
  Crazy Yiuf (D:7)
  A gnoll bouda (D:5)
  A sleepcap (D:4)
  8 orc wizards
  3 iguanas
  14 gnolls
  8 adders
  5 river rats (Sewer)
  5 worms
  4 dart slugs
  37 orcs
  11 bats
  9 endoplasms
  8 giant cockroaches
  7 goblins
  5 hobgoblins
  9 jackals
  9 quokkas
  13 ball pythons
  3 frilled lizards (D:2)
  11 kobolds
  7 rats
311 creatures vanquished.

Vanquished Creatures (others)
  22 fungi
  19 plants
41 creatures vanquished.

Grand Total: 352 creatures vanquished

Notes
Turn   | Place    | Note
-------+----------+-------------------------------------------
     0 | D:1      | funkygono the Minotaur Fighter began the quest for the Orb.
     0 | D:1      | Reached XP level 1. HP: 19/19 MP: 0/0
   113 | D:1      | Reached XP level 2. HP: 14/27 MP: 1/1
   543 | D:1      | Reached skill level 3 in Axes
   772 | D:1      | Reached XP level 3. HP: 33/33 MP: 2/2
   898 | D:2      | Found a faded altar of an unknown god.
  1141 | D:2      | Identified the +0 leather armour "Bureseodgh" {rElec rC++
                  | Regen+ Dex-4}
  1258 | D:2      | Reached XP level 4. HP: 40/40 MP: 3/3
  1529 | D:3      | Noticed Sigmund
  1543 | D:3      | Killed Sigmund
  1544 | D:3      | Reached skill level 5 in Axes
  1544 | D:3      | Reached XP level 5. HP: 30/47 MP: 2/4
  1667 | D:3      | Reached XP level 6. HP: 32/53 MP: 3/5
  2171 | D:3      | Reached skill level 1 in Dodging
  2454 | D:4      | Reached skill level 5 in Fighting
  2491 | D:4      | Reached skill level 5 in Armour
  2630 | D:4      | Found a shimmering blue altar of Sif Muna.
  2630 | D:4      | Found a sparkling altar of Nemelex Xobeh.
  2630 | D:4      | Found a hazy altar of Hepliaklqana.
  2642 | D:4      | Reached skill level 6 in Axes
  2642 | D:4      | Found an iron altar of Okawaru.
  2642 | D:4      | Found an ancient bone altar of Kikubaaqudgha.
  2642 | D:4      | Found a broken altar of Ashenzari.
  2647 | D:4      | Found a glowing silver altar of Zin.
  2647 | D:4      | Found a shadowy altar of Dithmenos.
  2647 | D:4      | Found a white marble altar of Elyvilon.
  2653 | D:4      | Became a worshipper of Warmaster Okawaru
  3116 | D:5      | Entered Level 5 of the Dungeon
  3158 | D:5      | Reached XP level 7. HP: 34/61 MP: 3/6
  3641 | D:5      | Reached skill level 7 in Axes
  3864 | D:5      | Reached skill level 5 in Shields
  4197 | D:5      | Reached * piety under Okawaru
  4198 | D:5      | Reached skill level 1 in Stealth
  4332 | D:5      | Noticed Grinder
  4336 | D:5      | Paralysed by Grinder for 3 turns
  4357 | D:5      | Killed Grinder
  4358 | D:5      | Reached skill level 8 in Axes
  4358 | D:5      | Reached XP level 8. HP: 39/70 MP: 1/7
  4672 | D:6      | Found a glowing drain.
  4685 | Sewer    | Entered a sewer
  5319 | D:6      | Found Ysmony's Firing Range.
  5596 | D:6      | Reached skill level 9 in Axes
  5687 | D:6      | Killed an unseen horror
  5687 | D:6      | Reached ** piety under Okawaru
  5936 | D:6      | Reached XP level 9. HP: 67/79 MP: 5/8
  6699 | D:7      | Noticed Pikel
  6709 | D:7      | Killed Pikel
  6710 | D:7      | Reached skill level 10 in Axes
  6746 | D:7      | Reached *** piety under Okawaru
  6834 | D:7      | Found a staircase to the Ecumenical Temple.
  6977 | D:7      | Found a runed translucent door.
  6978 | D:7      | Noticed Crazy Yiuf
  7179 | D:7      | Killed Crazy Yiuf
  7281 | D:8      | Reached skill level 11 in Axes
  7329 | D:8      | Found a staircase to the Lair.
  7374 | D:8      | Reached XP level 10. HP: 88/88 MP: 9/9
  7382 | D:8      | Found a glowing golden altar of the Shining One.
  7388 | D:8      | Found a hide-covered altar of Uskayaw.
  7842 | D:8      | Reached skill level 10 in Armour
  7980 | D:8      | Identified a scroll of acquirement
  7980 | D:8      | Acquired 813 gold pieces
  8117 | D:9      | Noticed Maggie
  8130 | D:9      | Killed Maggie
  8130 | D:9      | Reached **** piety under Okawaru
  8131 | D:9      | Reached skill level 1 in Invocations
  8396 | D:9      | Reached skill level 12 in Axes
  8408 | D:9      | Received a gift from Okawaru
  8463 | D:9      | Found a staircase to the Orcish Mines.
  8809 | Lair:1   | Entered Level 1 of the Lair of Beasts
  8947 | Lair:1   | Reached skill level 13 in Axes
  8973 | Lair:1   | Identified the +9 war axe "Inonkoj" {flame, *Slow rF+
                  | Will++ Str+3}
  9054 | Lair:1   | Reached XP level 11. HP: 93/97 MP: 8/11
  9097 | Lair:1   | Noticed a catoblepas
  9111 | Lair:1   | Killed a catoblepas
  9264 | Lair:1   | Reached skill level 14 in Axes
  9320 | Lair:1   | Reached skill level 10 in Fighting
  9768 | Lair:2   | You fall into a shaft and drop 2 floors!
  9782 | Lair:4   | Reached ***** piety under Okawaru
 10170 | Lair:2   | Noticed an eight-headed hydra
 10183 | Lair:2   | Identified the +0 pair of boots "Asafuot" {rPois rN+
                  | Stlth+} (Okawaru gifted it to you on level 2 of the Lair of
                  | Beasts)
 10183 | Lair:2   | Received a gift from Okawaru
 10208 | Lair:2   | Slain by a 16-headed hydra

Illustrated notes

Levels and vault maps discovered:
D:1:      lightli_arrival_isolated_outpost, layout_loops_ring,
          minmay_split_cup_large
D:2:      layout_basic, nicolae_ecumenical_snake_handling,
          hangedman_abyss_or_decor_lesser_grid, patterned_corridor
D:3:      layout_loops_ring, serial_aquarium, aquarium_bridge_square
          [aquarium_subvault_bridge, aquarium_subvault_bridge,
          aquarium_subvault_wall, aquarium_subvault_bridge],
          aquarium_window_fake, aquarium_window_corner, aquarium_view_2e,
          aquarium_pool_five, uniq_sigmund
D:4:      layout_loops_cross, nicolae_overflows_in_rows
D:5:      layout_loops_corners, chequers_serial_rivers_small_b, uniq_grinder
D:6:      cheibrodos_iron_armory, layout_loops_ring, gup_sewer_entry_pipe,
          enter_ossuary_5, nicolae_shop_firing_range, uniq_prince_ribbit1
D:7:      layout_rooms, minmay_temple_entry_wispy, amcnicky_mini_pool_small,
          minmay_misc_feat_alley, kennysheep_nondescript, uniq_pikel,
          uniq_crazy_yiuf_cottage
D:8:      layout_basic, nicolae_overflow_squiral,
          grunt_lair_entry_orc_guard_hut, ebering_dispersal_statue_hall
D:9:      layout_basic, david_orc_4, uniq_maggie
Lair:1:   layout_long_grid, special_room [special_room_bee], grunt_megastairs_2
Lair:2:   layout_misc_corridors, nicolae_swamp_entry_splash_gauntlet,
          serial_bayou_ford_a, pdpol_lair_cavern_descent
Lair:3:   layout_loops_ring, guppyfry_snake_entry_island
Lair:4:   layout_cellular_growth, nicolae_slime_entry_slimehenge,
          minmay_hedge_maze, nicolae_lair_run_with_the_wolves

Skill      XL: |  1  2  3  4  5  6  7  8  9 10 11 |
---------------+----------------------------------+-----
Shields        | 4 5 6 7 |  7.9
Fighting       | 4 5 6 7 8 9 10 | 10.4
Axes           | 3 5 6 8 9 11 13 14 | 14.9
Armour         | 4 5 6 7 9 10 11 | 11.9
Dodging        | 1 2 3 4 |  4.4
Stealth        | 1 |  1.5
Invocations    | 2 3 |  3.1

Action                     |  1- 3 |  4- 6 |  7- 9 | 10-12 || total
---------------------------+-------+-------+-------+-------++-------
  Melee: War axe           |    98 |   111 |   260 |   326 ||   795
         Headbutt          |     7 |    13 |    49 |    64 ||   133
 Invoke: Heroism           |       |       |     5 |    18 ||    23
    Use: Scroll            |       |       |    18 |     8 ||    26
         Potion            |       |       |     1 |     1 ||     2
 Armour: Scale mail        |    15 |       |       |       ||    15
         Chain mail        |    51 |    57 |   126 |    47 ||   281
         Plate armour      |       |       |       |   172 ||   172
  Dodge: Dodged            |    47 |    44 |   123 |   163 ||   377
  Block: Buckler           |    27 |    21 |    62 |    94 ||   204
